 Dungeon Crawl Stone Soup version 0.17.1-2-g5865329 (webtiles) character file.

536 ololoev the Chopper (level 7, -2/78 HPs)
             Began as a Demonspawn Fighter on Jan 25, 2016.
             Was an Initiate of Makhleb.
             Slain by Prince Ribbit (12 damage)
             ... on level 5 of the Dungeon.
             The game lasted 00:12:30 (1655 turns).

ololoev the Chopper (Demonspawn Fighter)            Turns: 1655, Time: 00:12:30

Health: -2/78      AC: 10    Str: 23    XL:     7   Next: 4%
Magic:  0/9        EV:  5    Int: 10    God:    Makhleb [......]
Gold:   5          SH:  9    Dex: 12    Spells: 2 memorised, 1 level left

rFire  . . .     SeeInvis .     a - +0 war axe
rCold  . . .     Clarity  .     m - +0 chain mail
rNeg   . . .     SustAt   .     c - +0 shield
rPois  .         Gourm    .     (no helmet)
rElec  .         Spirit   +     (no cloak)
rCorr  .         Warding  .     i - +0 pair of gloves
rMut   .         Stasis   .     (no boots)
MR     .....                    n - amulet of rage
Stlth  ..........               (no ring)
                                (no ring)

@: berserking, very slightly contaminated, very quick, not resistant to hostile
enchantments, extremely unstealthy
A: claws 2, powered by death 1, magic shield
a: Renounce Religion, Evoke Berserk Rage


Innate Abilities, Weirdness & Mutations

You have very sharp fingernails.
You regenerate a little health from kills.
When hurt, damage is shared between your health and your magic reserves.

Inventory:

Hand Weapons
 a - a +0 war axe (weapon)
 b - a +0 blowgun
Armour
 c - a +0 shield (worn)
 i - a +0 pair of gloves (worn)
 m - a +0 chain mail (worn)
Jewellery
 f - an uncursed ring of teleportation
 g - an uncursed amulet of resist mutation
 n - an amulet of rage (around neck)
Wands
 x - a wand of draining (3)
Scrolls
 j - 3 scrolls of remove curse
 l - a scroll of blinking
 t - a scroll of enchant armour {unknown}
 y - a scroll of fog {unknown}
 A - a scroll of magic mapping
Potions
 d - a potion of might
 h - a potion of degeneration {unknown}
 k - 2 potions of flight
Comestibles
 e - 4 bread rations
 w - 2 slices of pizza
 z - a meat ration


   Skills:
 - Level 3.0 Fighting
 * Level 5.3 Axes
 + Level 4.3 Armour
 - Level 2.6 Shields
 + Level 0.0 Invocations
 + Level 3.1 Evocations


You had one spell level left.
You knew the following spells:

 Your Spells              Type           Power        Failure   Level  Hunger
a - Regeneration          Chrm/Necr      #.........   100%        3    ####...
b - Song of Slaying       Chrm           #.......     100%        2    ###....


You were on level 5 of the Dungeon.
You worshipped Makhleb.
Makhleb was noncommittal.
You were hungry.

You visited 2 branches of the dungeon, and saw 6 of its levels.
You also visited: Sewer.

You collected 323 gold pieces.
You spent 318 gold pieces at shops.

# ## #.#### .. #....# #. #.# ..
# #######[# .# ....##..≈≈§.(##
F# #......≈§§≈≈..#####.##
#...##≈§§§§≈§.%...§..##
...##(§§@(§§.........#
#..##≈≈F§≈§≈.####...####.
#..##.≈§§§≈..# #........
+..##(.≈§≈..#####..######
#........##...(........#
########...###.######.#######.#
#..............# #.#
#.###..........## #.# #.#
#............ ..#

Notes
Turn   | Place    | Note
--------------------------------------------------------------
     0 | D:1      | ololoev the Demonspawn Fighter began the quest for the Orb.
     0 | D:1      | Reached XP level 1. HP: 18/18 MP: 1/1
   207 | D:2      | Gained mutation: You regenerate a little health from kills. [demonic ancestry]
   207 | D:2      | Reached XP level 2. HP: 24/24 MP: 2/2
   307 | D:3      | Gained mutation: You have sharp fingernails. [demonic ancestry]
   307 | D:3      | Reached XP level 3. HP: 24/29 MP: 3/3
   568 | D:3      | Found a glowing drain.
   631 | Sewer    | Entered a sewer
   631 | Sewer    | Noticed Bubs's ghost (weakling DsAK)
   638 | Sewer    | Reached skill level 1 in Evocations
   641 | Sewer    | Killed Bubs's ghost
   641 | Sewer    | Reached XP level 4. HP: 35/35 MP: 4/4
   703 | Sewer    | Noticed a crocodile
   714 | Sewer    | Killed a crocodile
   714 | Sewer    | Reached skill level 4 in Axes
   714 | Sewer    | Reached XP level 5. HP: 41/41 MP: 4/6
   809 | D:3      | Noticed ololoev's ghost (weakling DsFi)
   818 | D:3      | Killed ololoev's ghost
   898 | D:4      | Gained mutation: You have very sharp fingernails. [demonic ancestry]
   898 | D:4      | Reached XP level 6. HP: 47/47 MP: 7/7
   909 | D:4      | Noticed an ogre
   916 | D:4      | Killed an ogre
   959 | D:4      | Reached skill level 5 in Axes
  1300 | D:4      | Learned a level 3 spell: Regeneration
  1305 | D:4      | Learned a level 2 spell: Song of Slaying
  1326 | D:5      | Entered Level 5 of the Dungeon
  1339 | D:5      | Found a staircase to the Ecumenical Temple.
  1347 | D:5      | Gained mutation: When hurt, damage is shared between your health and your magic reserves. [demonic ancestry]
  1347 | D:5      | Reached XP level 7. HP: 49/52 MP: 9/9
  1354 | D:5      | Found Peate's Magic Scroll Shop.
  1357 | D:5      | Bought a scroll of magic mapping for 42 gold pieces
  1357 | D:5      | Bought a scroll of identify for 24 gold pieces
  1357 | D:5      | Bought a scroll of noise for 12 gold pieces
  1357 | D:5      | Bought a scroll of random uselessness for 12 gold pieces
  1357 | D:5      | Bought a scroll of blinking for 90 gold pieces
  1357 | D:5      | Bought a scroll of identify for 24 gold pieces
  1357 | D:5      | Bought a scroll of identify for 24 gold pieces
  1357 | D:5      | Bought a scroll of blinking for 90 gold pieces
  1394 | Temple   | Entered the Ecumenical Temple
  1503 | Temple   | Became a worshipper of Makhleb the Destroyer
  1522 | D:5      | Noticed Prince Ribbit
  1655 | D:5      | Slain by Prince Ribbit

Dungeon Overview and Level Annotations

Branches:
Dungeon (5/15)             Temple (1/1) D:5

Altars:
Ashenzari
Elyvilon
Fedhas
Makhleb
Okawaru
Qazlal
Ru
Trog
Vehumet
Yredelemnul
The Shining One

Shops:
D:5 ?

Annotations:
D:5 Prince Ribbit


Message History

The poisoned needle closely misses Prince Ribbit.
You hear a splash.
You block Prince Ribbit's attack.
Drink which item? (? for menu, Esc to quit)
It was a potion of heal wounds.
You feel much better. Prince Ribbit hits you. You block Prince Ribbit's attack.
A ball python skeleton comes into view.
Prince Ribbit blinks!
You climb downwards.
Welcome to the Ecumenical Temple!
There is a staircase back to the Dungeon here.
You climb upwards.
Welcome back to the Dungeon!
Level annotation: Prince Ribbit
There is a staircase to the Ecumenical Temple, spattered with blood here.
Firing (i - inventory):
q - a poisoned needle (quivered)
Press: ? - help, Shift-Dir - straight line, f - Prince Ribbit
Aim: Prince Ribbit (thin mist, moderately wounded, poisoned)
You shoot a poisoned needle.
The poisoned needle closely misses Prince Ribbit.
You hear a splash.
Prince Ribbit hits you! Prince Ribbit hits you.
Firing (i - inventory): No suitable missiles.
Press: ? - help, Shift-Dir - straight line, f/p - Prince Ribbit
Aim: Prince Ribbit (moderately wounded, poisoned)
Okay, then.
a - a +0 war axe (weapon)
Use which ability? (? or * to list)
A red film seems to cover your vision as you go berserk!
You feel yourself moving faster!
You feel mighty! Prince Ribbit hits you! Prince Ribbit hits you!
You miss Prince Ribbit.
Prince Ribbit is moderately wounded.
Prince Ribbit hits you.
Unknown command.
Prince Ribbit momentarily phases out as your attack passes through him.
Prince Ribbit is heavily wounded.
You slash the ball python skeleton!
You destroy the ball python skeleton!
Makhleb accepts your kill. Prince Ribbit hits you!
You die...

You could see Prince Ribbit.

Vanquished Creatures
  An ogre (D:4)
  A crocodile (Sewer)
  The ghost of ololoev the Skirmisher, a weakling DsFi (D:3)
  The ghost of Bubs the Skirmisher, a weakling DsAK of Lugonu (Sewer)
  2 hounds (D:4)
  A gnoll shaman (D:4)
  2 worker ants
  An iguana (D:4)
  A hound skeleton (D:4)
  3 adders
  4 gnolls (D:4)
  A shadow imp (D:5)
  4 giant geckos
  2 orcs
  4 hobgoblins
  2 kobolds
  A quokka (D:3)
  A ball python skeleton (D:5)
  7 bats
  3 giant cockroaches
  2 giant newts
  2 goblins (D:2)
  A jackal skeleton (D:3)
  A rat (D:1)
49 creatures vanquished.

Action                   |  1- 3 |  4- 6 |  7- 9 || total
-------------------------+-------+-------+-------++-------
Melee: War axe           |   110 |    87 |     3 ||   200
 Fire: Blowgun           |       |    21 |    18 ||    39
 Abil: Evoke Berserk Rag |     1 |     3 |     1 ||     5
  Use: Scroll            |     1 |       |     5 ||     6
       Potion            |       |       |     3 ||     3
  Eat: Chunk             |       |     5 |       ||     5
       Beef jerky        |       |       |     1 ||     1

Vault maps used:
D:1:      saegor_arrival_simple_f, roderic_lattice_a
D:2:      serial_glass, glass_columns_a, glass_columns_c
D:3:      first_bread, gup_sewer_entry_glass, minmay_fountain_box,
          serial_bayou_lagoon_a, uniq_sigmund
D:4:      led_sif_pool, corexii_checkpoint_b
D:5:      minmay_temple_entry_mist, serial_shops, nicolae_shop_statue_plus,
          nicolae_shop_crystal, kennysheep_mini, shop, shop,
          guppyfry_shop_venom, uniq_crazy_yiuf_cottage, uniq_prince_ribbit1,
          uniq_duvessa
Temple:   oiseaux_autumnal_temple_12
Sewer:    sewer_big_baddie
